 Dungeon Crawl Stone Soup version 0.23.0 (webtiles) character file.

Game seed: 6475039956512846399

6036 jgonzale2218 the Cruncher (level 10, -6/79 HPs)
             Began as a Demonspawn Fighter on Feb 19, 2019.
             Was a Priest of Makhleb.
             Mangled by an orc warrior
             ... wielding a +1 halberd of protection
              (8 damage)
             ... on level 9 of the Dungeon.
             The game lasted 00:35:10 (10111 turns).

jgonzale2218 the Cruncher (Demonspawn Fighter)     Turns: 10111, Time: 00:35:11

Health: -6/79      AC: 18    Str: 20    XL:     10   Next: 56%
Magic:  10/10      EV: 11    Int: 10    God:    Makhleb [***...]
Gold:   442        SH:  0    Dex: 12    Spells: 9/9 levels left

rFire    + . .     SeeInvis +   d - +6 hand axe
rCold    . . .     Gourm    .   (no shield)
rNeg     . . .     Faith    .   C - +0 plate armour
rPois    .         Spirit   .   (no helmet)
rElec    .         Reflect  .   t - +2 cloak
rCorr    .         Harm     .   q - +1 pair of gloves
MR       .....                  (no boots)
Stlth    ..........             (no amulet)
HPRegen  0.23/turn              g - ring of see invisible
MPRegen  0.12/turn              v - ring of see invisible

@: no status effects
A: talons 1, fire resistance 1, sturdy frame 3
a: Minor Destruction, Lesser Servant of Makhleb, Renounce Religion


You were on level 9 of the Dungeon.
You worshipped Makhleb.
Makhleb was most pleased with you.
You were hungry.

You visited 2 branches of the dungeon, and saw 10 of its levels.

You collected 442 gold pieces.

Inventory:

Hand Weapons
 a - a +0 long sword
 d - a +6 hand axe (weapon)
 n - a +2 vampiric dagger
 s - a +2 quarterstaff of chaos
 y - a +2 whip of flaming
Armour
 b - a +0 scale mail
 c - a +0 shield
 q - a +1 pair of gloves (worn)
 t - a +2 cloak (worn)
 w - a +1 leather armour of poison resistance
 C - a +0 plate armour (worn)
 D - a +2 cloak
 I - the +2 helmet of Kylubru {rCorr Slay+3, unknown}
   (You found it on level 9 of the Dungeon)

   It affects your accuracy and damage with ranged weapons and melee attacks
   (+3).
   It provides partial protection from all sources of acid and corrosion.
Jewellery
 g - a ring of see invisible (left hand)
 v - a ring of see invisible (right hand)
Wands
 i - a wand of enslavement (16)
 z - a wand of paralysis (7)
 B - a wand of random effects (29)
 F - a wand of digging (5)
 G - a wand of iceblast (10)
Scrolls
 k - a scroll of amnesia
 l - a scroll of fog {unknown}
 m - 6 scrolls of teleportation
 u - 5 scrolls of remove curse
 A - a scroll of magic mapping
 H - a scroll of vulnerability {unknown}
Potions
 e - a potion of haste
 h - 2 potions of brilliance {unknown}
 j - 3 potions of flight {unknown}
 o - 4 potions of cancellation
 p - a potion of mutation {unknown}
 r - 2 potions of resistance
 x - 2 potions of curing
 E - a potion of degeneration {unknown}
Comestibles
 f - 9 rations


   Skills:
 + Level 7.3 Fighting
 + Level 3.2 Long Blades
 + Level 2.4 Axes
 + Level 9.0 Staves
 + Level 6.8 Armour
 + Level 4.7 Dodging
 + Level 3.1 Stealth
 + Level 3.7 Shields
 + Level 0.4 Evocations


You had 9 spell levels left.
You didn't know any spells.
Your spell library contained the following spells:

 Spells                   Type           Power        Failure   Level  Hunger
 Animate Skeleton         Necr           N/A          83%         1    ##.....
 Apportation              Tloc           #.....       83%         1    ##.....
 Confusing Touch          Hex            #.....       83%         1    ##.....
 Summon Small Mammal      Summ           #...         83%         1    ##.....


Dungeon Overview and Level Annotations

Branches:
Dungeon (9/15)             Temple (1/1) D:4             Orc (0/2) D:9
   Lair: D:8-11

Altars:
Ashenzari
Cheibriados
Elyvilon
Fedhas
Hepliaklqana
Kikubaaqudgha
Makhleb
Ru
Sif Muna
Uskayaw
Vehumet
Wu Jian


Innate Abilities, Weirdness & Mutations

You have sharp toenails.
Your flesh is heat resistant. (rF+)
Your movements are significantly less encumbered by armour. (ER -6)


Message History

The orc warrior hits you with a +1 halberd of protection.
* * * LOW HITPOINT WARNING * * *
You hit the orc warrior but do no damage.
Your kick misses the orc warrior.
The orc warrior is severely wounded.
The orc warrior barely misses you.
Your plate armour prevents you from hitting the orc warrior.
You claw the orc warrior, but do no damage.
The orc warrior is severely wounded.
You are feeling hungry.
The orc warrior hits you with a +1 halberd of protection.
* * * LOW HITPOINT WARNING * * *
You slash the orc warrior!
You claw the orc warrior, but do no damage.
The orc warrior is almost dead.
The orc warrior closely misses you.
You barely miss the orc warrior. Your kick misses the orc warrior.
The orc warrior is almost dead.
The orc warrior hits you with a +1 halberd of protection!
You die...

.# #...# .# #...# #...#
.# #...# #...# [# #...#
#...# .# #...# #...# .#
#..># #...# .####...#
#...#####
........########o.......
.............(()@.......
..######################
..# ..# ..# ..# ..# ###


You could see an orc warrior.

Vanquished Creatures
  Harold (D:7)
  Pikel (D:4)
  Joseph (D:7)
  A hornet (D:7)
  2 hippogriffs
  Eustachio (D:5)
  A hungry ghost (D:8)
  Menkaure (D:5)
  Edmund (D:6)
  2 water moccasins
  2 sky beasts
  Duvessa (D:7)
  An orc warrior (D:6)
  4 ice beasts
  A slave (D:4)
  8 ogres
  A phantom (D:5)
  2 necrophages (D:8)
  A centaur (D:6)
  2 bullfrogs
  3 scorpions
  Dowan (D:7)
  2 howler monkeys
  2 crimson imps
  A quasit (D:7)
  4 hounds
  A jelly (D:8)
  Crazy Yiuf (D:2)
  5 orc priests
  A centaur skeleton (D:7)
  2 iguanas
  Jessica (D:2)
  Terence (D:2)
  8 orc wizards
  5 worker ants
  A howler monkey zombie (D:5)
  12 adders
  2 shadow imps
  3 oozes
  An adder zombie (D:5)
  An adder skeleton (D:4)
  6 worms
  A dart slug (D:3)
  A leopard gecko (D:8)
  26 orcs
  2 ball pythons
  9 bats
  7 giant cockroaches
  12 goblins
  7 hobgoblins
  5 quokkas
  2 frilled lizards
  9 kobolds
  A leopard gecko skeleton (D:7)
  A leopard gecko zombie (D:5)
  A quokka skeleton (D:7)
  8 rats
191 creatures vanquished.

Vanquished Creatures (others)
  A slave (D:4)
  A centaur skeleton (D:4)
  A worker ant (D:4)
  2 adder skeletons (D:4)
5 creatures vanquished.

Grand Total: 196 creatures vanquished

Notes
Turn   | Place    | Note
-------+----------+-------------------------------------------
     0 | D:1      | jgonzale2218 the Demonspawn Fighter began the quest for the
                  | Orb.
     0 | D:1      | Reached XP level 1. HP: 18/18 MP: 1/1
   367 | D:1      | Gained mutation: Your movements are slightly less
                  | encumbered by armour. (ER -2) [demonic ancestry]
   367 | D:1      | Reached XP level 2. HP: 24/24 MP: 2/2
  1084 | D:2      | Reached XP level 3. HP: 29/29 MP: 3/3
  1215 | D:2      | Noticed Terence
  1238 | D:2      | Killed Terence
  1456 | D:2      | Gained mutation: Your movements are less encumbered by
                  | armour. (ER -4) [demonic ancestry]
  1456 | D:2      | Reached XP level 4. HP: 26/35 MP: 4/4
  1918 | D:2      | Noticed Jessica
  1933 | D:2      | Killed Jessica
  1933 | D:2      | Gained mutation: Your flesh is heat resistant. (rF+)
                  | [demonic ancestry]
  1933 | D:2      | Reached XP level 5. HP: 37/41 MP: 5/5
  2334 | D:2      | Found a burning altar of Makhleb.
  2523 | D:2      | Became a worshipper of Makhleb the Destroyer
  2721 | D:2      | Found a runed translucent door.
  2722 | D:2      | Noticed Crazy Yiuf
  2830 | D:2      | Killed Crazy Yiuf
  3261 | D:3      | Reached skill level 1 in Dodging
  3583 | D:3      | Reached skill level 1 in Staves
  3583 | D:3      | Reached XP level 6. HP: 47/47 MP: 6/6
  3661 | D:3      | Reached * piety under Makhleb
  4852 | D:4      | Noticed a slave
  4852 | D:4      | Noticed a slave
  4854 | D:4      | Noticed a slave
  4854 | D:4      | Noticed a slave
  4860 | D:4      | Noticed Pikel
  4865 | D:4      | Killed a slave
  4885 | D:4      | Killed Pikel
  4885 | D:4      | Reached skill level 4 in Staves
  4885 | D:4      | Reached skill level 1 in Stealth
  4885 | D:4      | Reached XP level 7. HP: 23/55 MP: 7/7
  4889 | D:4      | Found a staircase to the Ecumenical Temple.
  5481 | D:4      | Reached XP level 8. HP: 61/61 MP: 8/8
  5721 | Temple   | Entered the Ecumenical Temple
  5840 | D:5      | Entered Level 5 of the Dungeon
  5949 | D:5      | Noticed Menkaure
  5981 | D:5      | Killed Menkaure
  5981 | D:5      | Reached skill level 5 in Staves
  6779 | D:5      | Noticed Eustachio
  6803 | D:5      | Killed Eustachio
  6803 | D:5      | Reached skill level 5 in Fighting
  6803 | D:5      | Reached skill level 6 in Staves
  6803 | D:5      | Reached skill level 5 in Armour
  6976 | D:6      | Noticed Edmund
  7003 | D:6      | Killed Edmund
  7010 | D:6      | Found a deep blue altar of Sif Muna.
  7272 | D:6      | Gained mutation: You have sharp toenails. [demonic
                  | ancestry]
  7272 | D:6      | Reached XP level 9. HP: 64/68 MP: 9/9
  7352 | D:6      | Reached ** piety under Makhleb
  7352 | D:6      | Reached skill level 7 in Staves
  7408 | D:6      | Found a shattered altar of Ashenzari.
  7567 | D:6      | Found a snail-covered altar of Cheibriados.
  7833 | D:7      | Noticed Duvessa
  7833 | D:7      | Noticed Dowan
  7847 | D:7      | Killed Dowan
  7876 | D:7      | Killed Duvessa
  8073 | D:7      | Noticed Harold
  8108 | D:7      | Killed Harold
  8108 | D:7      | Reached skill level 8 in Staves
  8605 | D:7      | Gained mutation: Your movements are significantly less
                  | encumbered by armour. (ER -6) [demonic ancestry]
  8605 | D:7      | Reached XP level 10. HP: 77/77 MP: 10/10
  9037 | D:7      | Noticed Joseph
  9048 | D:7      | Killed Joseph
  9422 | D:8      | Reached skill level 9 in Staves
  9575 | D:8      | Reached *** piety under Makhleb
  9643 | D:8      | Reached skill level 1 in Axes
  9803 | D:9      | Found a staircase to the Orcish Mines.
  9810 | D:9      | Paralysed by fainting for 6 turns
  9829 | D:9      | Paralysed by fainting for 8 turns
  9896 | D:9      | Got a steaming helmet
 10107 | D:9      | HP: 3/79 [orc warrior/+1 halberd of protection (6)]
 10109 | D:9      | HP: 1/79 [orc warrior/+1 halberd of protection (2)]
 10111 | D:9      | Mangled by an orc warrior

Skill      XL: |  1  2  3  4  5  6  7  8  9 10 |
---------------+-------------------------------+-----
Shields        | 3 |  3.7
Armour         | 3 4 5 6 |  6.8
Long Blades    | 2 3 |  3.2
Dodging        | 1 2 3 4 |  4.7
Staves         | 1 4 6 8 9 |  9.0
Fighting       | 4 5 6 7 |  7.3
Stealth        | 1 2 3 |  3.1
Axes           | 2 |  2.4
Evocations     | |  0.4

Action                   |  1- 3 |  4- 6 |  7- 9 | 10-12 || total
-------------------------+-------+-------+-------+-------++-------
Melee: Long sword        |   112 |    89 |       |       ||   201
       Quarterstaff      |       |   127 |   258 |    57 ||   442
       Kick              |       |       |    48 |    64 ||   112
       Hand axe          |       |       |       |   136 ||   136
Throw: Tomahawk          |       |     2 |       |       ||     2
Evoke: Wand              |       |       |     2 |       ||     2
  Use: Potion            |     1 |     1 |     6 |     2 ||    10
       Scroll            |       |       |     5 |     2 ||     7
 Stab: Invisible         |       |     1 |       |       ||     1
       Confused          |       |       |     3 |     1 ||     4
       Petrified         |       |       |     2 |       ||     2
       Paralysed         |       |       |     1 |       ||     1
  Eat: Ration            |     1 |     3 |     3 |     2 ||     9
       Chunk             |       |       |     1 |     1 ||     2
Armor: Scale mail        |    57 |   148 |    85 |       ||   290
       Plate armour      |       |       |    53 |   107 ||   160
Dodge: Dodged            |    37 |   157 |   176 |   138 ||   508
Block: Shield            |    52 |    57 |       |       ||   109
       Rpst.: Long sword |     9 |     4 |       |       ||    13
